AoeStats
← Runxi24

QS Arena

503568450Analyzed
2v2 RM · 1mo ago on Sep 1, 2026· 32m 11s· 4 players
Game mode
Random Map
Map size
Medium (4 player)
Population
200
Speed
Normal
Resources
Standard
Victory
Conquest
Starting age
Dark Age
Ending age
Imperial Age
RankedLock teamsTeams togetherTeam positionsShared explorationLock speedFull tech treeHidden civsTurbo modeCheats
Victory
Defeat
🇳🇿 Ethiopians · New Zealand
1239
+14
🇳🇿 Malay · New Zealand
1239
+14
1225
-15
🇪🇸 Poles · Spain
1168
-13
sloth
8:23 Feudal Age
8:01 Double-Bit Axe
7:58 Horse Collar
11:16 Gold Mining
16:14 Castle Age
14:06 Loom
14:24 Stone Mining
16:59 Forging
17:32 Bow Saw
18:14 Squires
18:41 Arson
23:08 Pikeman
28:43 Wheelbarrow
28:38 Heavy Plow
32:21 Iron Casting
flame
8:20 Feudal Age
12:14 Castle Age
10:39 Stone Mining
10:39 Double-Bit Axe
11:33 Horse Collar
14:39 Bow Saw
20:55 Scale Mail Armor
21:05 Forging
22:51 Heavy Plow
23:30 Gold Mining
25:40 Chain Mail Armor
Runxi24
8:07 Feudal Age
12:12 Castle Age
10:13 Double-Bit Axe
10:10 Horse Collar
14:59 Bow Saw
17:10 Loom
21:01 Heavy Plow
25:10 Crossbowman
25:42 Fletching
27:32 Wheelbarrow
27:18 Szlachta Privileges
28:02 Gold Mining
31:09 Hand Cart
31:25 Bloodlines
31:16 Husbandry
32:12 Scale Barding Armor
Delicately operated 地毯哥
3:04 Loom
7:36 Feudal Age
8:40 Double-Bit Axe
8:40 Horse Collar
19:12 Castle Age
17:13 Gold Mining
18:50 Scale Barding Armor
19:50 Wheelbarrow
19:01 Town Watch
20:07 Bloodlines
20:09 Capped Ram
21:18 Forging
22:59 Hand Cart
29:54 Chain Barding Armor
Connection lost

Rejoining the realm…

Still unreachable

The connection could not be restored.

Session expired

The server has moved on; the page needs a fresh start.